AoeStats
← Cookiemonstah

Arabia

509936096Analyzed
2v2 RM · 2d ago on Sep 28, 2026· 58m 34s· 4 players
Game mode
Random Map
Map size
Medium (4 player)
Population
200
Speed
Normal
Resources
Standard
Victory
Conquest
Starting age
Dark Age
Ending age
Imperial Age
RankedLock teamsTeams togetherTeam positionsShared explorationLock speedFull tech treeHidden civsTurbo modeCheats
Victory
Defeat
🇳🇱 Bulgarians · Netherlands
759
+13
🇳🇱 Magyars · Netherlands
732
+14
🇦🇷 Cumans · Argentina
692
-14
🇦🇷 Bohemians · Argentina
681
-13
Don Ramon
0:55 Loom
10:49 Feudal Age
12:14 Horse Collar
13:17 Forging
22:35 Castle Age
24:36 Scale Barding Armor
27:57 Iron Casting
28:54 Bloodlines
29:40 Chain Barding Armor
29:28 Gold Mining
36:58 Wheelbarrow
47:14 Hand Cart
52:29 Town Watch
agustincn420
11:17 Feudal Age
9:36 Loom
12:46 Double-Bit Axe
12:44 Horse Collar
23:54 Wheelbarrow
28:19 Castle Age
29:27 Bow Saw
29:20 Heavy Plow
29:15 Crossbowman
29:20 Pikeman
33:17 Ballistics
36:46 Chemistry
37:12 Fletching
37:23 Padded Archer Armor
39:24 Hand Cart
51:16 Imperial Age
50:08 Caravan
52:26 Capped Ram
57:21 Houfnice
58:58 Bodkin Arrow
59:18 Leather Archer Armor
Cookiemonstah
4:01 Loom
11:15 Feudal Age
11:59 Horse Collar
12:05 Double-Bit Axe
14:30 Forging
15:14 Scale Mail Armor
22:12 Town Watch
26:21 Castle Age
25:13 Town Watch
25:37 Stone Mining
25:39 Gold Mining
27:34 Chain Mail Armor
27:55 Iron Casting
27:11 Gambesons
26:58 Elite Skirmisher
28:44 Heavy Plow
31:27 Wheelbarrow
34:02 Bow Saw
33:58 Fletching
38:06 Imperial Age
38:01 Thumb Ring
38:37 Hand Cart
38:23 Town Patrol
38:36 Murder Holes
38:14 Capped Ram
39:11 Bodkin Arrow
39:11 Pikeman
40:21 Bracer
42:56 Plate Mail Armor
43:27 Blast Furnace
42:28 Padded Archer Armor
42:13 Halberdier
44:38 Onager
45:17 Siege Ram
50:57 Elite Konnik
51:14 Siege Onager
52:34 Leather Archer Armor
52:43 Ballistics
52:34 Masonry
52:30 Siege Engineers
53:53 Scale Barding Armor
54:50 Chain Barding Armor
MTT1996
4:57 Loom
11:50 Feudal Age
12:51 Double-Bit Axe
15:29 Bloodlines
18:05 Horse Collar
23:06 Castle Age
20:54 Town Watch
22:11 Stone Mining
25:33 Gold Mining
25:52 Heavy Plow
26:14 Bow Saw
26:56 Corvinian Army
27:12 Scale Barding Armor
38:03 Imperial Age
36:52 Husbandry
36:55 Pikeman
38:47 Elite Magyar Huszar
39:54 Conscription
39:06 Capped Ram
40:25 Town Patrol
41:00 Wheelbarrow
41:02 Recurve Bow
41:19 Thumb Ring
41:40 Parthian Tactics
42:54 Chain Barding Armor
42:35 Scale Mail Armor
42:26 Fletching
42:39 Padded Archer Armor
42:44 Murder Holes
45:27 Elite Skirmisher
46:16 Bodkin Arrow
46:36 Leather Archer Armor
46:48 Ballistics
51:39 Hoardings
51:25 Onager
53:30 Chemistry
52:44 Masonry
53:08 Caravan
53:45 Herbal Medicine
54:30 Chain Mail Armor
59:30 Plate Barding Armor
59:25 Ring Archer Armor
58:56 Bracer
58:52 Heated Shot
59:08 Siege Engineers
Connection lost

Rejoining the realm…

Still unreachable

The connection could not be restored.

Session expired

The server has moved on; the page needs a fresh start.